 Dungeon Crawl Stone Soup version 0.22-a0-482-g76e0a5f (webtiles) character file.

7146 Amnesiac the Fighter (level 10, -2/83 HPs)
             Began as a Mummy Necromancer on June 17, 2018.
             Was an Elder of Kikubaaqudgha.
             Slain by an orc warrior
             ... wielding a cursed +0 mace
             ... led by an orc knight
              (10 damage)
             ... on level 1 of the Orcish Mines.
             The game lasted 00:32:56 (10352 turns).

Amnesiac the Fighter (Mummy Necromancer)           Turns: 10352, Time: 00:32:57

Health: -2/83      AC:  4    Str: 12    XL:     10   Next: 85%
Magic:  0/19       EV: 15    Int: 17    God:    Kikubaaqudgha [****..]
Gold:   375        SH:  5    Dex: 13    Spells: 5/21 levels left

rFire    . . .     SeeInvis +   a - +1 trident (venom)
rCold    + . .     Gourm    .   d - +0 buckler
rNeg     + + +     Faith    .   e - +1 robe {rF+}
rPois    ∞         Spirit   +   (no helmet)
rElec    .         Reflect  .   (no cloak)
rCorr    .         Harm     .   o - +0 pair of gloves
MR       +....                  (no boots)
Stlth    ++........             f - amulet of guardian spirit
HPRegen  0.23/turn              p - ring of see invisible
MPRegen  0.16/turn              s - ring of wizardry

@: no status effects
A: no food or potions, fire vulnerability, cold resistance 1, negative energy
resistance 3, torment resistance, unbreathing
a: Receive Corpses, Renounce Religion


You were on level 1 of the Orcish Mines.
You worshipped Kikubaaqudgha.
Kikubaaqudgha was greatly pleased with you.
You were not hungry.

You visited 3 branches of the dungeon, and saw 11 of its levels.

You collected 539 gold pieces.
You spent 164 gold pieces at shops.

Inventory:

Hand Weapons
 a - a +1 trident of venom (weapon)
 t - the +6 rapier "Death Rattle" {drain, rElec rPois}
   (You found it on level 7 of the Dungeon)

   A truly terrible weapon, it drains the life of those it strikes.
   It insulates you from electricity.
   It protects you from poison.
 w - a +1 short sword of electrocution
Missiles
 v - 97 sling bullets
Armour
 d - a +0 buckler (worn)
 e - a +1 robe of fire resistance (worn)
 m - a cursed +0 shield
 o - a +0 pair of gloves (worn)
 x - the +1 leather armour "Vepootorph" {-Tele rF++}
   (You found it on level 8 of the Dungeon)

   It greatly protects you from fire.
   It prevents most forms of teleportation.
Magical Staves
 b - an uncursed staff of wizardry
Jewellery
 f - an amulet of guardian spirit (around neck)
 p - a ring of see invisible (left hand)
 s - a ring of wizardry (right hand)
Wands
 c - a wand of flame (6)
 r - a wand of polymorph (12)
 y - a wand of random effects (28)
Scrolls
 g - 4 scrolls of enchant armour {!r}
 h - a scroll of blinking {!r}
 i - 5 scrolls of fear {!r}
 j - 5 scrolls of teleportation {!r}
 k - 2 scrolls of remove curse {!r}
 l - 2 scrolls of enchant weapon {!r}
 n - 2 scrolls of amnesia {!r}
 q - a scroll of magic mapping {!r}
 u - 2 scrolls of identify {!r}


   Skills:
 * Level 9.1 Fighting
 * Level 6.2 Dodging
 - Level 1.5 Stealth
 * Level 6.3 Shields
 + Level 6.3 Spellcasting
 * Level 9.0 Necromancy


You had 5 spell levels left.
You knew the following spells:

 Your Spells              Type           Power        Failure   Level  Hunger
a - Bolt of Draining      Conj/Necr      ###.......   21%         5    N/A
d - Vampiric Draining     Necr           #####.....   1%          3    N/A
e - Dispel Undead         Necr           #####...     3%          5    N/A
s - Conjure Flame         Conj/Fire      #.......     16%         3    N/A

Your spell library contained the following spells:

 Spells                   Type           Power        Failure   Level  Hunger
 Fireball                 Conj/Fire      #.........   77%         5    N/A
 Throw Flame              Conj/Fire      #.....       8%          2    N/A
 Animate Dead             Necr           N/A          1%          4    N/A
 Pain                     Necr           ####         1%          1    N/A
 Animate Skeleton         Necr           N/A          1%          1    N/A
 Sticky Flame             Conj/Fire      #.......     43%         4    N/A
 Regeneration             Chrm/Necr      ###.......   2%          3    N/A
 Corpse Rot               Necr           N/A          1%          2    N/A
 Death Channel            Necr           #####.....   19%         6    N/A
 Flame Tongue             Conj/Fire      #....        5%          1    N/A
 Excruciating Wounds      Chrm/Necr      ###.......   21%         5    N/A
 Inner Flame              Hex/Fire       #.......     16%         3    N/A

Dungeon Overview and Level Annotations

Branches:
Dungeon (9/15)             Temple (1/1) D:4            Lair (0/6) D:8
    Orc (1/2) D:9

Altars:
Ashenzari
Cheibriados
Dithmenos
Elyvilon
Fedhas
Hepliaklqana
Kikubaaqudgha
Makhleb
Nemelex Xobeh
Okawaru
Qazlal
Ru
Sif Muna
Trog
Uskayaw
Vehumet
Wu Jian
Xom
The Shining One

Shops:
D:5 [=%

Annotations:
D:8 exclusion: ice statue


Innate Abilities, Weirdness & Mutations

You do not eat or drink.
Your flesh is vulnerable to fire.
You are immune to poison.
Your flesh is cold resistant. (rC+)
You are immune to negative energy. (rN+++)
You are immune to unholy pain and torment.
You can survive without breathing.


Message History

There is a staircase back to the Dungeon here.
The orc warrior shouts!
You hit the orc but do no damage.
The orc is poisoned.
The orc misses you. The orc completely misses you.
The orc wizard points at you and mumbles some strange words.
You are confused.
An orc comes into view. It is wielding a falchion.
You are too confused!
Unknown command.
Unknown command.
The orc wizard points at you and mumbles some strange words.
The puff of flame misses you.
The puff of flame hits the orc.
The orc dies!
The orc barely misses you.
In your confused state, you trip and fall back down the stairs.
The orc warrior hits you from afar with a trident!
The orc priest calls down the wrath of Beogh upon you.
Beogh smites you!
An orc wizard comes into view. It is wielding a dagger.
The orc wizard hits you with a dagger.
You kill the orc!
Kikubaaqudgha accepts your kill. The orc wizard hits you with a dagger.
The orc warrior hits you from afar with a trident!
The orc wizard hits you with a dagger.
In your confused state, you trip and fall back down the stairs.
* * * LOW HITPOINT WARNING * * *
The orc warrior shouts!
You hear a howl!
An ettin comes into view. It is wielding two dire flails.
The orc wizard barely misses you.
The orc wizard gestures at you while chanting.
The puff of frost misses you.
The puff of frost hits the orc wizard.
The orc warrior hits you from afar with a trident.
* * * LOW HITPOINT WARNING * * *
The orc hits you with a dagger.
* * * LOW HITPOINT WARNING * * *
The ettin shouts in stereo!
You hear a shout!
The orc knight roars a battlecry!
The orcs go into a battle-frenzy!
The orc wizard barely misses you. The orc wizard hits you with a dagger.
The orc wizard mumbles some strange words.
The orc wizard flickers and vanishes for a moment.
The orc warrior hits you from afar with a trident!
* * * LOW HITPOINT WARNING * * *
The orc hits you but does no damage. The orc misses you.
In your confused state, you trip and fall back down the stairs.
* * * LOW HITPOINT WARNING * * *
The orc priest misses you. The orc wizard hits you with a dagger.
* * * LOW HITPOINT WARNING * * *
The orc wizard barely misses you.
An orc wizard comes into view. It is wielding a dagger.
The orc warrior closely misses you. The orc hits you but does no damage.
The orc warrior hits you from afar with a trident!!
* * * LOW HITPOINT WARNING * * *
You feel less confused. You block the orc's attack.
The orc priest hits you with an enchanted hand axe.
* * * LOW HITPOINT WARNING * * *
The orc wizard closely misses you. You block the orc wizard's attack.
The orc hits you with a dagger.
* * * LOW HITPOINT WARNING * * *
The orc warrior completely misses you. The orc warrior hits you with a mace!
You die...
Kikubaaqudgha rasps: "You have failed me!
Welcome... oblivion!"

#....#. .
##ooo..
..###......
..........
......oo$##
......oo..#
#.....ooo#
#....oo@#
.$....oo#
..$...ooo
..........
...#.....C.
..
##......# #
##.....#
$....$.


You could see an orc knight, an ettin, 4 orc warriors, an orc priest, 5 orc
wizards and 6 orcs.

Vanquished Creatures
  The ghost of George the Carver, a novice MiFi of Okawaru (D:8)
  A two-headed ogre (D:9)
  5 ice devils (D:8)
  A troll (D:9)
  A hippogriff (D:8)
  A spriggan (D:7)
  A hungry ghost (D:9)
  2 orc warriors (D:8)
  3 sky beasts
  2 ice beasts (D:7)
  An eye of draining (D:8)
  6 ogres
  3 phantoms
  3 centaurs
  A crocodile (D:9)
  6 bullfrogs
  A gnoll sergeant (D:7)
  2 wyvern skeletons (D:7)
  3 scorpions
  A killer bee (D:7)
  2 howler monkeys
  4 crimson imps
  A jelly (D:5)
  6 orc priests
  4 hounds
  10 orc wizards
  A bullfrog skeleton (D:7)
  2 centaur skeletons
  Terence (D:2)
  3 iguanas
  3 worker ants
  A hound skeleton (D:8)
  2 hound zombies (D:7)
  A worker ant zombie (D:9)
  A howler monkey skeleton (D:8)
  5 gnolls (D:7)
  10 adders
  7 ufetubi (D:8)
  2 adder zombies
  An adder skeleton (D:4)
  4 worms
  3 dart slugs
  3 leopard geckos
  32 orcs
  3 ball pythons
  6 giant cockroaches
  6 goblins
  6 hobgoblins
  7 jackals
  2 quokkas
  7 bats
  6 frilled lizards
  A jackal skeleton (D:5)
  10 kobolds
  A leopard gecko skeleton (D:8)
  A quokka zombie (D:7)
  12 rats
222 creatures vanquished.

Vanquished Creatures (others)
  A black bear (D:6)
  A bullfrog (D:6)
  A worker ant (D:6)
  A gnoll (D:6)
  An orc (Orc:1)
  A quokka (D:6)
6 creatures vanquished.

Grand Total: 228 creatures vanquished

Notes
Turn   | Place    | Note
-------+----------+-------------------------------------------
     0 | D:1      | Amnesiac the Mummy Necromancer began the quest for the Orb.
     0 | D:1      | Reached XP level 1. HP: 13/13 MP: 4/4
   298 | D:1      | Reached XP level 2. HP: 20/20 MP: 2/5
   782 | D:1      | Reached skill level 1 in Fighting
  1145 | D:2      | Reached XP level 3. HP: 26/26 MP: 7/7
  1150 | D:2      | Learned a level 3 spell: Vampiric Draining
  1522 | D:4      | Reached XP level 4. HP: 23/32 MP: 1/8
  1761 | D:4      | Found a staircase to the Ecumenical Temple.
  1772 | Temple   | Entered the Ecumenical Temple
  1793 | D:4      | Noticed an ogre
  1800 | Temple   | Became a worshipper of Kikubaaqudgha
  1840 | D:3      | Reached XP level 5. HP: 22/38 MP: 3/9
  1886 | D:3      | Learned a level 3 spell: Conjure Flame
  2225 | D:2      | Noticed Terence
  2238 | D:3      | Reached * piety under Kikubaaqudgha
  2238 | D:3      | Identified Kikubaaqudgha's Disquisition on Evil Magic (Kikubaaqudgha gifted it to you on level 3 of the Dungeon)
  2238 | D:3      | Received a gift from Kikubaaqudgha
  2567 | D:2      | Killed Terence
  3188 | D:4      | Reached XP level 6. HP: 19/46 MP: 6/10
  3245 | D:3      | Reached skill level 1 in Shields
  3245 | D:3      | Reached skill level 5 in Necromancy
  3449 | D:4      | Found a snail-covered altar of Cheibriados.
  3535 | D:4      | Found a blossoming altar of Fedhas.
  4223 | D:5      | Entered Level 5 of the Dungeon
  4227 | D:5      | Reached XP level 7. HP: 35/51 MP: 7/11
  4643 | D:5      | Found Pofaurhe's Antique Armour Shop.
  4657 | D:5      | Bought an embroidered robe for 74 gold pieces
  4668 | D:5      | Bought a pair of gloves for 90 gold pieces
  4939 | D:5      | Found Suturr's Jewellery Shop.
  5202 | D:5      | Found a shattered altar of Ashenzari.
  5205 | D:5      | Found a white marble altar of Elyvilon.
  5205 | D:5      | Found a shadowy altar of Dithmenos.
  5258 | D:4      | Reached XP level 8. HP: 55/61 MP: 4/14
  5303 | D:5      | Found a hide-covered altar of Uskayaw.
  5303 | D:5      | Noticed a dagger
  5303 | D:5      | Noticed a dagger
  5345 | D:5      | Found Cadwibisie's Food Emporium.
  5426 | D:5      | Reached skill level 5 in Fighting
  5544 | D:5      | Found a stormy altar of Qazlal.
  5959 | D:6      | Found a shimmering altar of Xom.
  5965 | D:6      | Found a glowing golden altar of the Shining One.
  6087 | D:6      | Reached ** piety under Kikubaaqudgha
  6133 | D:6      | Found a shimmering altar of Xom.
  6356 | D:7      | Reached XP level 9. HP: 72/72 MP: 13/15
  6847 | D:7      | Got a brightly glowing rapier
  7117 | D:7      | Found a radiant altar of Vehumet.
  7618 | D:8      | Got a twisted leather armour
  7698 | D:8      | Identified the +6 rapier "Death Rattle" {drain, rElec rPois} (You found it on level 7 of the Dungeon)
  7709 | D:8      | Identified the +1 leather armour "Vepootorph" {-Tele rF++} (You found it on level 8 of the Dungeon)
  7731 | D:8      | Noticed an ice devil
  7731 | D:8      | Noticed an ice devil
  7735 | D:8      | Noticed an ice statue
  7735 | D:8      | Noticed an ice devil
  7736 | D:8      | Noticed an ice devil
  7741 | D:8      | Noticed an ice devil
  7908 | D:8      | Killed an ice devil
  7908 | D:8      | Reached skill level 5 in Shields
  7967 | D:8      | Killed an ice devil
  7967 | D:8      | Reached *** piety under Kikubaaqudgha
  7967 | D:8      | Identified Kikubaaqudgha's Disquisition on Sinister Rituals (Kikubaaqudgha gifted it to you on level 8 of the Dungeon)
  7967 | D:8      | Received a gift from Kikubaaqudgha
  7967 | D:8      | Reached skill level 5 in Dodging
  7967 | D:8      | Reached skill level 5 in Spellcasting
  8006 | D:8      | Killed an ice devil
  8007 | D:8      | Killed an ice devil
  8007 | D:8      | Reached XP level 10. HP: 80/80 MP: 17/17
  8271 | D:8      | Learned a level 5 spell: Dispel Undead
  8277 | D:8      | Learned a level 5 spell: Bolt of Draining
  8278 | D:8      | Noticed George's ghost (novice MiFi)
  8434 | D:8      | Killed George's ghost
  8986 | D:8      | Found a staircase to the Lair.
  9690 | D:9      | Noticed a two-headed ogre
  9725 | D:9      | Killed a two-headed ogre
  9804 | D:9      | Found a staircase to the Orcish Mines.
 10183 | D:9      | Found an ancient bone altar of Kikubaaqudgha.
 10303 | D:9      | Reached **** piety under Kikubaaqudgha
 10344 | Orc:1    | Entered Level 1 of the Orcish Mines
 10349 | Orc:1    | Noticed an orc knight
 10349 | Orc:1    | Noticed an ettin
 10352 | Orc:1    | Slain by an orc warrior

Vault maps used:
D:1:      minmay_arrival_stone_box, grunt_decor_fettered, minmay_vboxes
D:2:      first_ration, minmay_tripent, uniq_terence
D:3:      kennysheep_cross_bottleneck
D:4:      kennysheep_slug_shrine, kennysheep_little_box,
          minmay_temple_entry_water_ring, kennysheep_boxes
D:5:      grunt_temple_overflow_open, dancing_weapons_uskayaw, serial_shops,
          shop, shop, nicolae_shop_window_shopping, kennysheep_generic_room_4
D:6:      overflow_temple_1_default, lemuel_crystal_altar, xom_confusion_cloud
D:7:      old_standard_altar, the_bakery, minmay_crossroads
D:8:      cheibrodos_frozen_isle, lair_entry_dummy, hangedman_decor_peaks_small
D:9:      orc_0_dummy, basic_altar
Temple:   nicolae_temple_x_marks_the_god
Orc:1:    serial_shops, nicolae_shop_temple_entry_statues_fountains,
          okawaru_metal_pillars_1_2, uniq_erica, uniq_nergalle

Skill      XL: |  1  2  3  4  5  6  7  8  9 10 |
---------------+-------------------------------+-----
Dodging        | 2 3 4 5 6 |  6.2
Spellcasting   | 3 4 5 6 |  6.3
Fighting       | 1 2 4 7 8 9 |  9.1
Shields        | 3 4 5 6 |  6.3
Necromancy     | 5 7 8 9 |  9.0
Stealth        | |  1.5

Action                   |  1- 3 |  4- 6 |  7- 9 | 10-12 || total
-------------------------+-------+-------+-------+-------++-------
Melee: Unarmed           |     4 |       |       |       ||     4
       Spear             |    94 |    38 |       |       ||   132
       Trident           |       |    35 |   335 |   234 ||   604
       Staff             |       |       |       |     1 ||     1
 Cast: Pain              |    30 |   109 |   130 |       ||   269
       Vampiric Draining |     1 |    13 |     7 |     8 ||    29
       Conjure Flame     |       |     1 |     6 |     2 ||     9
       Dispel Undead     |       |       |       |    10 ||    10
       Bolt of Draining  |       |       |       |     8 ||     8
Evoke: Wand              |       |       |       |    23 ||    23
  Use: Scroll            |     1 |     4 |     6 |     1 ||    12
 Stab: Sleeping          |     2 |     1 |     1 |     3 ||     7
       Distracted        |       |       |     1 |       ||     1
Armor: Robe              |    13 |    12 |    43 |    35 ||   103
Dodge: Dodged            |    68 |    74 |   176 |   172 ||   490
Block: Buckler           |       |     1 |    45 |    55 ||   101

Table legend:
 A = Spawn XP
 B = Non-spawn XP
 C = Spawn XP percentage of total XP
 D = Spawn monster count
 E = Non-spawn monster count
 F = Spawn count percentage of total count
 G = Total turns spent on level
                    A         B        C        D         E        F      G
               +---------+---------+-------+---------+---------+-------+---------
         Total |       0 |   10209 |   0.0 |       0 |     222 |   0.0 | 10352
               +---------+---------+-------+---------+---------+-------+---------
           D:1 |       0 |      38 |   0.0 |       0 |      22 |   0.0 |  1128
           D:2 |       0 |     146 |   0.0 |       0 |      30 |   0.0 |   891
           D:3 |       0 |     120 |   0.0 |       0 |      20 |   0.0 |  1082
           D:4 |       0 |     543 |   0.0 |       0 |      25 |   0.0 |  1449
           D:5 |       0 |    1073 |   0.0 |       0 |      22 |   0.0 |  1322
           D:6 |       0 |     905 |   0.0 |       0 |      14 |   0.0 |   594
           D:7 |       0 |    1210 |   0.0 |       0 |      29 |   0.0 |  1092
           D:8 |       0 |    3936 |   0.0 |       0 |      32 |   0.0 |  2001
           D:9 |       0 |    2203 |   0.0 |       0 |      26 |   0.0 |   755
        Temple |       0 |      32 |   0.0 |       0 |       1 |   0.0 |    30
         Orc:1 |       0 |       3 |   0.0 |       0 |       1 |   0.0 |     8
               +---------+---------+-------+---------+---------+-------+---------
